 Dungeon Crawl Stone Soup version 0.30-a0-1085-g990a428a5c (webtiles) character file.

Game seed: 4432819364601254785

117 voltaire321 the Caller (level 5, -3/37 HPs)
             Began as a Merfolk Summoner on Apr 16, 2023.
             Succumbed to a gnoll's poison
             ... on level 2 of the Dungeon.
             The game lasted 00:04:46 (1596 turns).

voltaire321 the Caller (Merfolk Summoner)           Turns: 1596, Time: 00:04:46

Health: -3/37      AC:  4    Str: 11    XL:     5   Next: 1%
Magic:  7/8        EV: 12    Int: 14    God:
Gold:   97         SH:  0    Dex: 14    Spells: 3/9 levels left

rFire   . . .      SeeInvis .    a - +0 dagger (speed)
rCold   . . .      Faith    .    (no shield)
rNeg    . . .      Spirit   .    c - +0 leather armour
rPois   .          Reflect  .    k - +0 helmet
rElec   .          Rampage  .    (no cloak)
rCorr   .                        (no gloves)
Will    .....                    (no boots)
Stlth   ++                       (no amulet)
HPRegen 0.26/turn                (no ring)
MPRegen 0.11/turn                (no ring)

@: lethally poisoned (-3 -> -34)
A: (nimble swimmer 2), mertail
a: no special abilities


You were on level 2 of the Dungeon.
You visited 1 branch of the dungeon, and saw 2 of its levels.

You collected 97 gold pieces.

Inventory:

Hand Weapons
 a - a +0 dagger of speed (weapon)
Armour
 c - a +0 leather armour (worn)
 k - a +0 helmet (worn)
Scrolls
 d - a scroll of teleportation {unknown}
 e - 3 scrolls of fog {unknown}
 h - 2 scrolls of identify {unknown}
 j - a scroll of brand weapon {unknown}
Potions
 b - a potion of magic
 f - 2 potions of heal wounds {unknown}
 g - a potion of degeneration {unknown}
 i - a potion of curing {unknown}


   Skills:
 + Level 1.5 Fighting
 + Level 1.0 Armour
 + Level 3.5 Dodging
 * Level 3.5 Stealth
 + Level 2.5 Spellcasting
 + Level 4.3 Summonings


You had 3 spell levels left.
You knew the following spells:

 Your Spells              Type           Power      Damage    Failure   Level
a - Summon Small Mammal   Summ           52%        N/A       4%          1
b - Call Imp              Summ           26%        N/A       8%          2
c - Call Canine Familiar  Summ           13%        N/A       16%         3

Your spell library contained the following spells:

 Spells                   Type           Power      Damage    Failure   Level
 Summon Guardian Golem    Hex/Summ       7%         N/A       36%         3
 Summon Lightning Spire   Summ/Air       7%         N/A       77%         4


Dungeon Overview and Level Annotations

Branches:
Dungeon (2/15)

Altars:
Hepliaklqana


Innate Abilities, Weirdness & Mutations

((You are very nimble when in or above water. (Stealth+, EV+, Speed+++)))
Your lower body shifts to a powerful aquatic tail in water.


Message History

a +0 club; a +0 dagger; a goblin corpse The gnoll shouts!
The gnoll drinks a potion.
The gnoll suddenly seems more resistant.
Casting: Call Imp (safe; 8% risk of failure)
Press: ? - help, Q - select action, (/) - cycle Dir - look around, f - activate A tiny devil pulls itself out of the air.
The gnoll hits you with a +2 whip of venom.
Your cerulean imp hits the gnoll but does no damage.
You see here 6 gold pieces.
You hit the gnoll but do no damage.
The gnoll hits you with a +2 whip of venom.
You hit the gnoll but do no damage.
Your cerulean imp closely misses the gnoll.
You hit the gnoll but do no damage. The gnoll barely misses you.
Your cerulean imp barely misses the gnoll.
You closely miss the gnoll. The gnoll barely misses you.
Your cerulean imp hits the gnoll from afar with a -3 spear.
You closely miss the gnoll.
The gnoll is moderately wounded.
You closely miss the gnoll.
The gnoll is moderately wounded.
The gnoll hits you with a +2 whip of venom!
You are poisoned.
Your cerulean imp hits the gnoll from afar with a -3 spear.
You hit the gnoll.
The gnoll is moderately wounded.
You feel very sick.
The gnoll hits you with a +2 whip of venom.
You are lethally poisoned!
Your cerulean imp closely misses the gnoll.
You hit the gnoll.
The gnoll is heavily wounded.
* * * LOW HITPOINT WARNING * * *
You feel very sick. The gnoll attacks as you move away!
The gnoll hits you with a +2 whip of venom.
* * * LOW HITPOINT WARNING * * *
You are more poisoned.
You die...

##.....~≈≈~~# #####
#...<..~~≈≈~# .. ..
#.......~≈≈~# ##.# #.
#.......~≈≈~# #..# #.
##.....#~≈≈)###.####.
#.......~≈≈)).).)....
###......)~≈≈~..(.....#
#.....5..~≈≈~)........#
...##g$@..~≈≈~##.....###
#........#~≈≈~##.....#
...######.~~≈≈~#..._..###
# #..~≈≈~~#.........
#..~≈≈~##.........
#.~~≈≈~##.........
...~≈≈~~###........
88~~≈≈~88..........
....>......


You could see a gnoll (resistant, ally target) and a friendly cerulean imp
(summoned).

Vanquished Creatures
  A gnoll (D:1)
  2 adders (D:2)
  2 bats (D:2)
  4 endoplasms
  A giant cockroach (D:1)
  A hobgoblin (D:2)
  6 jackals (D:1)
  2 quokkas
  3 ball pythons
  A frilled lizard (D:2)
  5 goblins
  A kobold (D:1)
  3 rats (D:1)
32 creatures vanquished.

Vanquished Creatures (collateral kills)
  Robin (D:2)
  An adder (D:2)
  A gnoll (D:2)
  2 dart slugs
  2 hobgoblins (D:2)
  2 jackals (D:1)
  A quokka (D:2)
  2 bats (D:1)
  7 goblins (D:2)
  A kobold (D:2)
20 creatures vanquished.

Grand Total: 52 creatures vanquished

Notes
Turn   | Place    | Note
-------+----------+-------------------------------------------
     0 | D:1      | voltaire321 the Merfolk Summoner began the quest for the
                  | Orb.
     0 | D:1      | Reached XP level 1. HP: 13/13 MP: 3/3
   116 | D:1      | Reached XP level 2. HP: 19/20 MP: 1/5
   181 | D:1      | Learned a level 2 spell: Call Imp
   635 | D:1      | Reached XP level 3. HP: 11/25 MP: 3/6
  1096 | D:1      | Learned a level 3 spell: Call Canine Familiar
  1160 | D:1      | Reached skill level 1 in Fighting
  1332 | D:2      | Found a hazy altar of Hepliaklqana.
  1339 | D:2      | Reached XP level 4. HP: 32/32 MP: 4/7
  1486 | D:2      | Noticed Robin
  1523 | D:2      | Killed Robin
  1524 | D:2      | Reached skill level 1 in Armour
  1553 | D:2      | Reached XP level 5. HP: 37/37 MP: 6/8
  1596 | D:2      | Succumbed to a gnoll's poison

Illustrated notes

Levels and vault maps discovered:
D:1:      saegor_arrival_simple_e, layout_basic
D:2:      wander_river, layout_rooms, basic_altar, uniq_robin, uniq_terence

Skill      XL: |  1  2  3  4 |
---------------+-------------+-----
Dodging        | 3 |  3.5
Fighting       | 1 |  1.5
Stealth        | 3 |  3.5
Armour         | 1 |  1.0
Spellcasting   | |  2.5
Summonings     | |  4.3

Action                     |  1- 3 |  4- 6 || total
---------------------------+-------+-------++-------
  Melee: Dagger            |   101 |    56 ||   157
         Unarmed           |     2 |       ||     2
         Punch             |     1 |       ||     1
         Tailslap          |       |     2 ||     2
   Cast: Summon Small Mamm |     5 |       ||     5
         Call Imp          |     9 |     4 ||    13
   Stab: Sleeping          |     3 |       ||     3
 Armour: Leather armour    |    30 |     9 ||    39
  Dodge: Dodged            |    82 |    38 ||   120

Table legend: (Time is in decaauts)
 A = Elapsed time spent in this place.
 B = Non-inter-level travel time spent in this place.
 C = Inter-level travel time spent in this place.
 D = Time resting spent in this place.
 E = Time spent auto-exploring this place.
 F = Levels seen in this place.
 G = Mean time per level.
                   A        B        C        D        E       F      G
               +--------+--------+--------+--------+--------+-----+--------+
         Total |   1535 |   1483 |     52 |    259 |    748 |   2 |  767.5 |
       Dungeon |   1535 |   1483 |     52 |    259 |    748 |   2 |  767.5 |
               +--------+--------+--------+--------+--------+-----+--------+

Top non-repeatable levels by time:
     D:1: 1184 daAuts
     D:2: 351 daAuts
